 Dungeon Crawl Stone Soup version 0.22-a0-824-g1ca9aab89c (webtiles) character file.

145 Dyme the Firebug (level 5, -6/28 HPs)
             Began as a Gargoyle Fire Elementalist on July 24, 2018.
             Killed from afar by an orc wizard (7 damage)
             ... with a magic dart
             ... on level 3 of the Dungeon.
             The game lasted 00:11:49 (3240 turns).

Dyme the Firebug (Gargoyle Fire Elementalist)       Turns: 3240, Time: 00:11:50

Health: -6/28      AC:  6    Str: 12    XL:     5   Next: 27%
Magic:  3/8        EV: 12    Int: 16    God:
Gold:   100        SH:  0    Dex: 10    Spells: 2/8 levels left

rFire    . . .     SeeInvis .   q - -1 hunting sling (curse)
rCold    . . .     Gourm    .   (no shield)
rNeg     + . .     Faith    .   a - +0 robe
rPois    ∞         Spirit   .   (no helmet)
rElec    +         Reflect  .   (no cloak)
rCorr    .         Harm     .   (no gloves)
MR       .....                  (no boots)
Stlth    ++........             (no amulet)
HPRegen  0.09/turn              (no ring)
MPRegen  0.11/turn              (no ring)

@: very slightly contaminated
A: negative energy resistance 1, electricity resistance, unbreathing,
petrification resistance, rot immunity, AC +4
a: no special abilities


You were on level 3 of the Dungeon.
You were not hungry.

You visited 1 branch of the dungeon, and saw 3 of its levels.

You collected 100 gold pieces.

Inventory:

Hand Weapons
 g - a +0 spear
 p - a +0 dagger of flaming
 q - a cursed -1 hunting sling (weapon)
 s - a +0 hunting sling
Missiles
 b - 157 stones (quivered)
 k - 24 sling bullets
Armour
 a - a +0 robe (worn)
 r - a +0 large shield
Wands
 f - a wand of paralysis (12)
Scrolls
 e - a scroll of fear {unknown}
 i - 2 scrolls of enchant weapon {unknown}
 j - 2 scrolls of remove curse {unknown}
 l - 3 scrolls of magic mapping {unknown}
 n - 2 scrolls of fog {unknown}
 o - a scroll of noise {unknown}
Potions
 d - a potion of invisibility {unknown}
 h - 2 potions of brilliance {unknown}
 m - a potion of heal wounds {unknown}
 u - a potion of degeneration {unknown}
Comestibles
 c - 7 rations


   Skills:
 - Level 0.8 Fighting
   Level 0.4 Maces & Flails
 - Level 1.5 Slings
 - Level 1.5 Dodging
 - Level 2.1 Stealth
 - Level 2.0 Spellcasting
 + Level 3.0 Conjurations
 + Level 4.4 Fire Magic


You had 2 spell levels left.
You knew the following spells:

 Your Spells              Type           Power        Failure   Level  Hunger
a - Flame Tongue          Conj/Fire      ##...        4%          1    #......
b - Throw Flame           Conj/Fire      ##....       7%          2    ###....
c - Conjure Flame         Conj/Fire      ##......     14%         3    ###....

Your spell library contained the following spells:

 Spells                   Type           Power        Failure   Level  Hunger
 Fireball                 Conj/Fire      ##........   77%         5    ######.
 Sticky Flame             Conj/Fire      ##......     41%         4    #####..
 Inner Flame              Hex/Fire       #.......     26%         3    ###....


Dungeon Overview and Level Annotations

Branches:
Dungeon (3/15)

Altars:
Dithmenos
Okawaru
Ru
Zin

Annotations:
D:2 Jessica, Natasha


Innate Abilities, Weirdness & Mutations

You are resistant to torment.
Your stone body is resilient. (AC +4)
You are immune to poison.
You resist negative energy. (rN+)
You are resistant to electric shocks. (rElec)
You can survive without breathing.
You are immune to petrification.
You are immune to rotting.


Message History

The magic dart hits you!
Casting: Conjure Flame (safe; 14% risk of failure)
Confirm with . or Enter, or press ? or * to list all spells.
Aiming: Conjure Flame (safe; 14% risk of failure)
Press: ? - help, Dir - move target cursor The fire ignites!
A magic dart appears from out of thin air!
The magic dart hits you!
A puff of frost appears from out of thin air!
The puff of frost hits you!
A magic dart appears from out of thin air!
The magic dart hits you!
A puff of flame appears from out of thin air!
The puff of flame hits you!
* * * LOW HITPOINT WARNING * * *
An orc wizard appears from thin air!
Reactivating autopickup.
The orc wizard gestures at you while chanting.
The magic dart hits you!
You die...

.##.####.#### .##.#.......#
.##.#.##.##.# .##.#.##.##.#
.........##.####
......##.......#
.#....##.##.##.#
.#...........#.####
.....#.#.#....o.@.########
##..#.##.....#.##........#
##...##........##..#####.#
....#........####..#####.#######
#####........# #.....<........#
# ##.....### ##.#####..##.#.# #
##....# #.#####..##.#.# # #..#.#
###........##...# ##### #..#.#
#.....####.###..#


You could see an orc wizard.

Vanquished Creatures
  Ijyb (D:3)
  Natasha (D:2)
  A worker ant (D:3)
  A hound skeleton (D:3)
  A worm (D:3)
  A leopard gecko (D:3)
  2 orcs (D:3)
  5 bats
  A giant cockroach (D:3)
  6 goblins
  5 hobgoblins
  12 jackals
  3 quokkas
  A ball python (D:3)
  2 frilled lizards
  7 kobolds
  5 rats
55 creatures vanquished.

Notes
Turn   | Place    | Note
-------+----------+-------------------------------------------
     0 | D:1      | Dyme the Gargoyle Fire Elementalist began the quest for the Orb.
     0 | D:1      | Reached XP level 1. HP: 10/10 MP: 3/3
   152 | D:1      | Reached XP level 2. HP: 11/15 MP: 3/5
   567 | D:2      | Found a sacrificial altar of Ru.
   638 | D:2      | Learned a level 2 spell: Throw Flame
   837 | D:2      | Noticed Jessica
  1043 | D:2      | Reached XP level 3. HP: 10/19 MP: 0/6
  1327 | D:2      | Found a runed door.
  1534 | D:2      | Noticed Natasha
  1538 | D:2      | Killed Natasha
  1538 | D:2      | Reached skill level 4 in Fire Magic
  1584 | D:2      | Reached skill level 1 in Slings
  1584 | D:2      | Reached XP level 4. HP: 24/24 MP: 5/7
  1663 | D:2      | Noticed Natasha
  2248 | D:3      | Found an iron altar of Okawaru.
  2285 | D:3      | Learned a level 3 spell: Conjure Flame
  2303 | D:3      | Noticed Ijyb
  2312 | D:3      | Killed Ijyb
  2484 | D:3      | Found a shadowy altar of Dithmenos.
  2597 | D:3      | Found a glowing silver altar of Zin.
  2608 | D:3      | Reached XP level 5. HP: 28/28 MP: 1/8
  3233 | D:3      | HP: 1/28 [something/puff of flame (9)]
  3240 | D:3      | Killed from afar by an orc wizard

Vault maps used:
D:1:      lemuel_arrival_muddy, minmay_misc_feat_columns
D:2:      kb_forest_paths, nicolae_ru_awakened_eye, uniq_natasha,
          uniq_crazy_yiuf_cottage, uniq_jessica
D:3:      nicolae_overflow_hidden_temple, okawaru_trees_2, lemuel_crystal_altar,
          uniq_ijyb

Skill      XL: |  1  2  3  4  5 |
---------------+----------------+-----
Conjurations   | 2 3 |  3.0
Fire Magic     | 4 |  4.4
Slings         | 1 |  1.5
Fighting       | |  0.8
Maces & Flails | |  0.4
Dodging        | |  1.5
Stealth        | |  2.1
Spellcasting   | |  2.0

Action                   |  1- 3 |  4- 6 || total
-------------------------+-------+-------++-------
Melee: Whip              |    41 |       ||    41
       Dagger            |     4 |       ||     4
 Fire: Hunting sling     |    25 |    69 ||    94
 Cast: Flame Tongue      |    32 |    45 ||    77
       Conjure Flame     |       |     4 ||     4
 Stab: Sleeping          |     1 |       ||     1
  Eat: Chunk             |     3 |     6 ||     9
Armor: Robe              |    20 |    14 ||    34
Dodge: Dodged            |    48 |    34 ||    82

Table legend:
 A = Spawn XP
 B = Non-spawn XP
 C = Spawn XP percentage of total XP
 D = Spawn monster count
 E = Non-spawn monster count
 F = Spawn count percentage of total count
 G = Total turns spent on level
                    A         B        C        D         E        F      G
               +---------+---------+-------+---------+---------+-------+---------
         Total |       0 |     208 |   0.0 |       0 |      55 |   0.0 |  3240
               +---------+---------+-------+---------+---------+-------+---------
           D:1 |       0 |      17 |   0.0 |       0 |      11 |   0.0 |   821
           D:2 |       0 |      68 |   0.0 |       0 |      22 |   0.0 |  1172
           D:3 |       0 |     123 |   0.0 |       0 |      22 |   0.0 |  1247
               +---------+---------+-------+---------+---------+-------+---------
